 Dungeon Crawl Stone Soup version 0.24-a0-136-gad582e5 (webtiles) character file.

Game seed: 0

10032 Inarius the Zephyrmancer (level 11, -4/85 HPs)
             Began as a Kobold Air Elementalist on Feb 28, 2019.
             Was an Elder of Vehumet.
             Shot with an arrow by a centaur (15 damage)
             ... on level 11 of the Dungeon.
             The game lasted 00:45:40 (16578 turns).

Inarius the Zephyrmancer (Kobold Air Elementalist) Turns: 16578, Time: 00:45:41

Health: -4/85      AC: 12    Str: 12    XL:     11   Next: 85%
Magic:  8/21       EV: 15    Int: 22    God:    Vehumet [****..]
Gold:   764        SH: 10    Dex: 15    Spells: 6/24 levels left

rFire    + . .     SeeInvis .   b - +1 whip "Ywysal" {slash, Int+3}
rCold    . . .     Gourm    .   l - +0 shield
rNeg     . . .     Faith    .   S - +1 leather armour {rPois}
rPois    +         Spirit   .   (no helmet)
rElec    .         Reflect  .   o - +2 cloak
rCorr    .         Harm     .   C - +1 pair of gloves
MR       .....                  P - +2 pair of boots
Stlth    ..........             (no amulet)
HPRegen  0.24/turn              h - ring of protection from fire
MPRegen  0.17/turn              N - ring of wizardry

@: berserking (expiring), vulnerable, very quick
A: small, carnivore
a: Renounce Religion


You were on level 11 of the Dungeon.
You worshipped Vehumet.
Vehumet was greatly pleased with you.
You were completely stuffed.

You visited 1 branch of the dungeon, and saw 12 of its levels.

You collected 951 gold pieces.
You spent 187 gold pieces at shops.

Inventory:

Hand Weapons
 a - a +1 short sword of flaming
 b - the +1 whip "Ywysal" (weapon) {slash, Int+3}
   (You found it on level 11 of the Dungeon)

   It inflicts extra damage upon your enemies.
   It affects your intelligence (+3).
 J - a +1 dagger of freezing
Missiles
 u - 5 poisoned tomahawks (quivered)
Armour
 l - a +0 shield (worn)
 o - a +2 cloak (worn)
 y - a +0 robe
 C - a +1 pair of gloves (worn)
 P - a +2 pair of boots (worn)
 S - a +1 leather armour of poison resistance (worn)
Jewellery
 h - a ring of protection from fire (left hand)
 D - an uncursed ring of resist corrosion
 G - a +2 ring of evasion
 N - a ring of wizardry (right hand)
Wands
 n - a wand of acid (6)
 B - a wand of disintegration (10)
 L - a wand of flame (3)
 M - a wand of iceblast (4)
Scrolls
 k - 5 scrolls of remove curse
 q - 4 scrolls of immolation
 t - 2 scrolls of amnesia
 v - 2 scrolls of enchant weapon
 K - a scroll of fog
 O - a scroll of identify
Potions
 g - a potion of curing
 i - 3 potions of lignification
 j - a potion of berserk rage
 m - 2 potions of degeneration {unknown}
 p - a potion of invisibility {unknown}
 r - a potion of mutation {unknown}
 s - a potion of agility {unknown}
 x - 2 potions of might
 z - 2 potions of haste {unknown}
 A - a potion of magic {unknown}
 E - a potion of flight {unknown}
Miscellaneous
 w - a box of beasts
 Q - a sack of spiders
Comestibles
 c - 29 rations
 R - 2 chunks of flesh


   Skills:
 + Level 2.1 Fighting
 + Level 3.4 Short Blades
 - Level 1.1 Maces & Flails
 + Level 0.1 Armour
 + Level 5.1 Dodging
 + Level 4.1 Stealth
 * Level 5.0 Shields
 + Level 0.1 Unarmed Combat
 + Level 7.3 Spellcasting
 * Level 8.4 Conjurations
 * Level 11.1 Air Magic
 + Level 3.6 Evocations


You had 6 spell levels left.
You knew the following spells:

 Your Spells              Type           Power        Failure   Level  Hunger
a - Shock                 Conj/Air       ####         1%          1    None
b - Swiftness             Chrm/Air       ####....     2%          2    None
c - Airstrike             Air            ######....   1%          4    ###....
d - Static Discharge      Conj/Air       ######..     1%          3    None
e - Lightning Bolt        Conj/Air       ######....   2%          5    #####..
f - Stone Arrow           Conj/Erth      ####..       3%          3    None

Your spell library contained the following spells:

 Spells                   Type           Power        Failure   Level  Hunger
 Force Lance              Conj/Tloc      ####....     10%         4    ###....


Dungeon Overview and Level Annotations

Branches:
Dungeon (12/15)            Temple (0/1) D:6            Lair (0/6) D:8
    Orc (0/2) D:11

Altars:
Dithmenos
Elyvilon
Fedhas
Kikubaaqudgha
Qazlal
Trog
Uskayaw
Vehumet
Wu Jian
Zin

Shops:
D:8 (   D:11 [

Annotations:
D:5 2 transporters, confidenceinterval's ghost, novice DsBe
D:9 3 runed translucent doors, Erica; Wired's ghost, journeyman MiBe
D:10 2 transporters, Josephine; galech's ghost, novice DsFi
D:12 Kirke


Innate Abilities, Weirdness & Mutations

You are small and have problems with some larger weapons.
You are carnivorous and can eat meat at any time.


Message History

Vehumet accepts your kill.
You feel your power returning.
Your Shields skill increases to level 5!
You block the centaur's attack. x2; The centaur barely misses you.
The centaur hits you but does no damage.
A wight comes into view. It is wielding a +3 dagger.
The centaur misses you.
The centaur wields a +0 shortbow.
The centaur shoots an arrow.
The arrow hits you.
* * * LOW HITPOINT WARNING * * *
The centaur wields a +0 shortbow.
The centaur shoots an arrow.
The arrow misses you.
The centaur wields a +0 shortbow.
The centaur shoots an arrow.
The arrow hits you!
* * * LOW HITPOINT WARNING * * *
You see here 5 arrows.
You feel a strong urge to attack something.
The centaur shoots an arrow.
The arrow hits you but does no damage.
The centaur shoots an arrow.
You block the arrow.
The centaur shoots an arrow.
The arrow hits you!
You die...

*,*,**,* *,*,**#
#.#,**,*****,*,,,.
#.#,**,,,,,,,,,,,.
#.#,,,,,,,,,,****#
#(#,>z,,,,,,,,,,,. ######
#.##.##*******,**# #..^.#
#.#).c,,,,,,*#.* #....#
#.#..#***,,,*#.* #....#
#@#..# *.####.* #....#
#(#..####......###
#....#####"#z..............
#........ccczz....##<......
#.........czz.....##.......
#.........((......##.......
####..............##.......
#...............##.......
#.......#(......##.......


You could see 4 centaurs and a wight.

Vanquished Creatures
  Harold (D:8)
  An ugly thing (D:11)
  Maurice (D:10)
  A queen bee (D:10)
  A troll (D:9)
  Prince Ribbit (D:5)
  A hippogriff (D:10)
  A vampire (D:10)
  7 yaks (D:11)
  A hog (D:11)
  A hungry ghost (D:9)
  A water moccasin (D:9)
  3 black bears
  A sky beast (D:9)
  2 ice beasts
  An eye of draining (D:9)
  3 orc warriors
  6 ogres
  4 centaurs
  A big kobold (D:11)
  7 bullfrogs
  A gnoll sergeant (D:8)
  A wyvern skeleton (D:11)
  4 jellies
  A scorpion (D:5)
  11 wights
  17 killer bees (D:10)
  An electric eel (D:8)
  A centaur zombie (D:6)
  3 crimson imps
  4 howler monkeys
  2 quasits
  2 bullfrog zombies
  2 bullfrog skeletons
  7 hounds
  3 centaur skeletons
  9 orc priests
  11 orc wizards
  An iguana (D:4)
  11 worker ants
  A killer bee zombie (D:7)
  11 adders
  4 gnolls
  A shadow imp (D:8)
  2 adder skeletons (D:4)
  2 worms
  7 leopard geckos
  42 orcs
  2 ball pythons
  9 bats
  13 giant cockroaches
  8 goblins
  6 hobgoblins
  14 jackals
  11 kobolds
  2 quokkas
  6 frilled lizards
  20 rats
299 creatures vanquished.

Notes
Turn   | Place    | Note
-------+----------+-------------------------------------------
     0 | D:1      | Inarius the Kobold Air Elementalist began the quest for the
                  | Orb.
     0 | D:1      | Reached XP level 1. HP: 10/10 MP: 3/3
   214 | D:1      | Reached XP level 2. HP: 11/15 MP: 3/5
   654 | D:1      | Reached XP level 3. HP: 19/19 MP: 2/6
   988 | D:2      | Found a white marble altar of Elyvilon.
  1547 | D:2      | Learned a level 2 spell: Swiftness
  1789 | D:2      | Reached skill level 4 in Air Magic
  1897 | D:2      | Reached XP level 4. HP: 24/24 MP: 3/7
  2874 | D:3      | Reached XP level 5. HP: 26/28 MP: 0/8
  3222 | D:3      | Learned a level 4 spell: Airstrike
  3499 | D:3      | Found a radiant altar of Vehumet.
  3516 | D:3      | Became a worshipper of Vehumet
  4094 | D:4      | Reached skill level 1 in Shields
  4099 | D:4      | Reached XP level 6. HP: 32/32 MP: 0/10
  4586 | D:4      | Reached skill level 1 in Short Blades
  4586 | D:4      | Reached skill level 5 in Air Magic
  4770 | D:4      | Reached XP level 7. HP: 33/36 MP: 7/11
  4895 | D:4      | Found the +7 sceptre of Torment {pain, torment}
  4949 | D:4      | Found a stormy altar of Qazlal.
  5286 | D:4      | Learned a level 3 spell: Static Discharge
  5469 | D:4      | Found a blossoming altar of Fedhas.
  5759 | D:5      | Entered Level 5 of the Dungeon
  5814 | D:5      | Found a transporter.
  5908 | D:5      | Found a transporter.
  5909 | D:5      | Noticed confidenceinterval's ghost (novice DsBe)
  5978 | D:5      | Reached * piety under Vehumet
  5978 | D:5      | Offered knowledge of Sting by Vehumet.
  6111 | D:5      | Reached XP level 8. HP: 41/41 MP: 4/13
  6250 | D:5      | Noticed Prince Ribbit
  6274 | D:5      | Killed Prince Ribbit
  6274 | D:5      | Reached skill level 5 in Conjurations
  6274 | D:5      | Reached skill level 6 in Air Magic
  6444 | D:5      | Found a shadowy altar of Dithmenos.
  7214 | D:6      | Reached skill level 1 in Fighting
  7433 | D:6      | Found a staircase to the Ecumenical Temple.
  7522 | D:6      | Reached XP level 9. HP: 42/47 MP: 9/15
  7724 | D:7      | Reached skill level 7 in Air Magic
  8012 | D:7      | Offered knowledge of Throw Flame by Vehumet.
  8089 | D:7      | Found a bloodstained altar of Trog.
  8192 | D:7      | Reached ** piety under Vehumet
  8764 | D:8      | Found a staircase to the Lair.
  8822 | D:8      | Learned a level 5 spell: Lightning Bolt
  9239 | D:8      | You fall through a shaft for 3 floors!
  9272 | D:11     | Reached skill level 8 in Air Magic
  9315 | D:11     | Noticed a brown ugly thing
  9329 | D:11     | Killed a brown ugly thing
  9329 | D:11     | Reached skill level 5 in Spellcasting
  9329 | D:11     | Reached skill level 1 in Evocations
  9479 | D:11     | Got a shimmering whip
  9485 | D:11     | Identified the cursed +1 whip "Ywysal" {slash, Int+3} (You
                  | found it on level 11 of the Dungeon)
  9507 | D:11     | Reached XP level 10. HP: 35/52 MP: 14/17
  9616 | D:10     | Entered Level 10 of the Dungeon
  9802 | D:11     | Reached skill level 1 in Maces & Flails
  9889 | D:11     | Found Esuacuet's Weapon Shoppe.
  9903 | D:9      | Found an ornate altar of the Wu Jian Council.
 10314 | D:9      | Found an ancient bone altar of Kikubaaqudgha.
 10315 | D:9      | Noticed Erica
 10459 | D:8      | Found Barch's Weapon Shoppe.
 10464 | D:8      | Noticed Harold
 10474 | D:8      | Killed Harold
 10474 | D:8      | Reached skill level 9 in Air Magic
 11209 | D:8      | Found a hide-covered altar of Uskayaw.
 11266 | D:8      | Found a blossoming altar of Fedhas.
 11346 | D:8      | Offered knowledge of Stone Arrow by Vehumet.
 11566 | D:8      | Learned a level 3 spell: Stone Arrow
 11680 | D:9      | Reached *** piety under Vehumet
 12212 | D:9      | Found a glowing silver altar of Zin.
 12293 | D:9      | You fall through a shaft for 3 floors!
 12294 | D:12     | Noticed Kirke
 12587 | D:11     | Reached XP level 11. HP: 50/57 MP: 4/20
 12591 | D:11     | Reached skill level 10 in Air Magic
 13318 | D:9      | Offered knowledge of Throw Icicle by Vehumet.
 13500 | D:10     | Reached skill level 5 in Dodging
 13606 | D:10     | Noticed Maurice
 14148 | D:10     | Killed Maurice
 14495 | D:10     | Noticed Josephine
 14735 | D:9      | Reached **** piety under Vehumet
 14876 | D:9      | Got an iridescent mace
 14877 | D:9      | Identified the +5 mace of Ushaat {antimagic, *Corrode
                  | Dex+8} (You found it on level 9 of the Dungeon)
 14966 | D:9      | Found a runed translucent gate.
 14966 | D:9      | Found a runed translucent gate.
 14966 | D:9      | Found a runed translucent gate.
 14969 | D:9      | Noticed Wired's ghost (journeyman MiBe)
 15485 | D:10     | Found a transporter.
 15489 | D:10     | Found a transporter.
 15490 | D:10     | Noticed galech's ghost (novice DsFi)
 15925 | D:10     | Offered knowledge of Force Lance by Vehumet.
 15965 | D:10     | Reached skill level 11 in Air Magic
 16190 | D:10     | Noticed a tengu warrior
 16201 | D:11     | Found a stormy altar of Qazlal.
 16387 | D:11     | Found a staircase to the Orcish Mines.
 16389 | D:11     | Found Lottat's Armour Shoppe.
 16492 | D:11     | Bought a +1 leather armour of poison resistance for 187
                  | gold pieces
 16571 | D:11     | Identified a scroll of acquirement
 16576 | D:11     | Reached skill level 5 in Shields
 16578 | D:11     | Shot with an arrow by a centaur

Levels and vault maps discovered:
D:1:      erik_arrival_orb_chamber, layout_rooms, minmay_worlds_worst_comb
D:2:      layout_loops_cross, elyvilon_altar_5, serial_forest,
          infiniplex_forest_clump_diagonal, infiniplex_forest_corner_1,
          infiniplex_forest_straight_2, infiniplex_forest_end_3,
          infiniplex_forest_clump_diagonal, infiniplex_forest_zigzag_1,
          minivault_14
D:3:      layout_basic, lemuel_doored_altar, first_ration, minmay_misc_feat_x,
          kennysheep_generic_room_11
D:4:      layout_cave_pods, kennysheep_mini, fedhas_altar_3
D:5:      layout_loops_ring, gammafunk_ghost_hive, grunt_dithmenos_smoke,
          uniq_prince_ribbit1
D:6:      layout_basic, minmay_temple_entry_drinking_statues
D:7:      layout_cave_pools, kennysheep_mini_moat, serial_column_ruins,
          column_ruins_open_tiny, column_ruins_columns_dead_end,
          column_ruins_grid_3, column_ruins_grid_1,
          column_ruins_columns_straight
D:8:      statuecave_lemuel, layout_gridville, grunt_temple_overflow_open,
          dpeg_oklobed_lair, serial_shops, shop, uniq_harold
D:9:      layout_roguey, marbit_many_paths, nicolae_overflow_hidden_temple,
          gammafunk_ghost_spectres, lemuel_tele_altar, uniq_erica
D:10:     layout_long_grid, gammafunk_ghost_hive, grunt_tengu_nest, minivault_7,
          uniq_maurice, uniq_josephine
D:11:     layout_basic, orc_david_3, basic_altar
D:12:     layout_basic, uniq_kirke, uniq_snorg

Skill      XL: |  1  2  3  4  5  6  7  8  9 10 11 |
---------------+----------------------------------+-----
Stealth        | 3 4 |  4.1
Air Magic      | 4 5 6 8 9 11 | 11.1
Conjurations   | 2 3 4 5 6 7 8 |  8.4
Shields        | 1 2 3 5 |  5.0
Spellcasting   | 3 4 5 6 7 |  7.3
Short Blades   | 1 2 3 |  3.4
Dodging        | 3 4 5 |  5.1
Fighting       | 1 2 |  2.1
Evocations     | 1 3 |  3.6
Maces & Flails | 1 |  1.1
Armour         | |  0.1
Unarmed Combat | |  0.1

Action                   |  1- 3 |  4- 6 |  7- 9 | 10-12 || total
-------------------------+-------+-------+-------+-------++-------
Melee: Unarmed           |    25 |       |       |       ||    25
       Short sword       |    19 |    55 |    83 |     7 ||   164
       Whip              |       |       |     7 |    48 ||    55
 Cast: Shock             |    87 |   154 |   203 |   200 ||   644
       Airstrike         |       |       |    15 |    73 ||    88
       Lightning Bolt    |       |       |       |    31 ||    31
Evoke: Wand              |       |       |     4 |    17 ||    21
       Box of beasts     |       |       |       |     1 ||     1
  Use: Scroll            |     5 |     4 |     9 |    12 ||    30
       Potion            |       |       |     2 |    10 ||    12
 Stab: Sleeping          |       |       |     1 |     1 ||     2
       Distracted        |       |       |     1 |       ||     1
  Eat: Chunk             |    13 |    10 |    16 |    38 ||    77
Armor: Robe              |    16 |    16 |    35 |    55 ||   122
       Leather armour    |       |       |       |    23 ||    23
Dodge: Dodged            |    83 |    58 |   150 |   250 ||   541
Block: Shield            |       |       |       |    51 ||    51

Table legend:
 A = Non-vault XP
 B = Vault XP
 C = Vault XP percentage of total XP
 D = Non-vault monster count
 E = Vault monster count
 F = Vault count percentage of total count
                 A         B        C        D         E       F
            +---------+---------+-------+---------+---------+-------
      Total |   10790 |    3542 |  24.7 |     255 |      44 |  14.7
            +---------+---------+-------+---------+---------+-------
        D:1 |      19 |      22 |  53.7 |      11 |      17 |  60.7
        D:2 |      64 |       0 |   0.0 |      36 |       0 |   0.0
        D:3 |     142 |       3 |   2.1 |      25 |       1 |   3.8
        D:4 |     498 |       0 |   0.0 |      29 |       0 |   0.0
        D:5 |     410 |     264 |  39.2 |      18 |       1 |   5.3
        D:6 |     813 |       0 |   0.0 |      17 |       0 |   0.0
        D:7 |     665 |       0 |   0.0 |      15 |       0 |   0.0
        D:8 |    1263 |    1055 |  45.5 |      20 |       1 |   4.8
        D:9 |    2241 |      13 |   0.6 |      41 |       1 |   2.4
       D:10 |    1393 |    1851 |  57.1 |      20 |      19 |  48.7
       D:11 |    3282 |     334 |   9.2 |      23 |       4 |  14.8
            +---------+---------+-------+---------+---------+-------
